AoeStats
← Matisidio58

Yucatan

510901015Analyzed
2v2 RM · 11h ago on Oct 3, 2026· 54m 4s· 4 players
Game mode
Random Map
Map size
Medium (4 player)
Population
200
Speed
Normal
Resources
Standard
Victory
Conquest
Starting age
Dark Age
Ending age
Imperial Age
RankedLock teamsTeams togetherTeam positionsShared explorationLock speedFull tech treeHidden civsTurbo modeCheats
Victory
Defeat
🇨🇱 Sicilians · Chile
777
+12
🇨🇱 Khmer · Chile
777
+13
🇺🇸 Danes · United States
708
-13
🇨🇴 Wei · Colombia
693
-12
Matisidio58
9:43 Loom
11:35 Feudal Age
19:20 Castle Age
29:37 Fletching
31:12 Elite Skirmisher
40:14 Pikeman
crirob2016
0:33 Loom
12:30 Feudal Age
13:08 Double-Bit Axe
13:05 Horse Collar
16:02 Arson
15:39 Man-at-Arms
23:12 Bloodlines
32:09 Castle Age
37:47 Town Watch
38:57 Wheelbarrow
43:28 Husbandry
47:28 Town Patrol
47:43 Hand Cart
52:19 Hand Cart
kinepablo1
11:33 Feudal Age
18:41 Castle Age
17:36 Horse Collar
17:45 Double-Bit Axe
18:22 Bloodlines
29:32 Heavy Plow
32:14 Forging
32:10 Scale Barding Armor
32:06 Gold Mining
32:07 Stone Mining
34:29 Iron Casting
34:15 Chain Barding Armor
39:54 Imperial Age
38:00 Wheelbarrow
39:02 Gold Shaft Mining
39:02 Stone Shaft Mining
38:31 Tusk Swords
41:11 Ballistics
41:53 Chemistry
40:50 Murder Holes
43:19 Elite Ballista Elephant
44:02 Double Crossbow
45:37 Blast Furnace
45:13 Plate Barding Armor
44:39 Padded Archer Armor
44:30 Fletching
45:04 Hand Cart
44:35 Town Watch
45:45 Elite Battle Elephant
47:30 Husbandry
48:09 Devotion
49:48 Faith
Matigrame
12:38 Feudal Age
13:08 Loom
13:43 Town Watch
16:42 Castle Age
16:15 Fletching
20:12 Scale Mail Armor
24:10 Town Patrol
24:59 Forging
27:08 Wheelbarrow
29:11 Ballistics
38:40 Double-Bit Axe
42:10 Masonry
47:52 Pikeman
52:31 Bloodlines
52:20 Light Cavalry
Connection lost

Rejoining the realm…

Still unreachable

The connection could not be restored.

Session expired

The server has moved on; the page needs a fresh start.